 Dungeon Crawl Stone Soup version 0.21-a0-444-g29a2fec (webtiles) character file.

147 slep the Slasher (level 5, 0/41 HPs)
             Began as a Demonspawn Monk on Nov 18, 2017.
             Slain by a worker ant (4 damage)
             ... in the Ecumenical Temple.
             The game lasted 00:07:11 (2334 turns).

slep the Slasher (Demonspawn Monk)                  Turns: 2334, Time: 00:07:12

Health: 0/41       AC:  6    Str: 11    XL:     5   Next: 8%
Magic:  5/5        EV: 12    Int: 11    God:
Gold:   161        SH:  0    Dex: 17    Spells: 4/4 levels left

rFire    + . .     SeeInvis .   a - +0 falchion
rCold    + . .     Gourm    .   (no shield)
rNeg     . . .     Faith    .   l - +0 ring mail
rPois    +         Spirit   .   q - +0 helmet
rElec    +         Reflect  .   (no cloak)
rCorr    +         Harm     .   (no gloves)
MR       .....                  (no boots)
Stlth    +.........             (no amulet)
HPRegen  0.13/turn              (no ring)
MPRegen  0.09/turn              (no ring)

@: lethally poisoned (0 -> -9), resistant
A: hooves 1, powered by pain 2
a: no special abilities


You were in the Ecumenical Temple.
You were hungry.

You visited 2 branches of the dungeon, and saw 5 of its levels.

You collected 161 gold pieces.

Inventory:

Hand Weapons
 a - a +0 falchion (weapon)
 u - a +2 dagger of venom
Armour
 b - a +0 robe
 i - a +0 leather armour
 l - a +0 ring mail (worn)
 q - a +0 helmet (worn)
Scrolls
 d - a scroll of magic mapping {unknown}
 e - 4 scrolls of identify {unknown}
 f - a scroll of fog {unknown}
 g - a scroll of blinking {unknown}
 h - a scroll of random uselessness {unknown}
 k - 5 scrolls of teleportation {unknown}
 r - 4 scrolls of amnesia {unknown}
Potions
 j - a potion of ambrosia {unknown}
 m - a potion of resistance
 n - a potion of might {unknown}
 o - a potion of heal wounds {unknown}
 p - a potion of agility {unknown}
 t - a potion of degeneration {unknown}
 v - a potion of lignification {unknown}
 w - a potion of curing {unknown}
Comestibles
 c - 3 bread rations
 s - a royal jelly


   Skills:
 + Level 3.4 Fighting
 + Level 4.1 Long Blades
 + Level 1.7 Armour
 + Level 3.2 Dodging
 + Level 2.0 Stealth


You had 4 spell levels left.
You didn't know any spells.

Dungeon Overview and Level Annotations

Branches:
Dungeon (4/15)             Temple (1/1) D:4

Altars:
Fedhas
Nemelex Xobeh
Sif Muna


Innate Abilities, Weirdness & Mutations

You have large cloven feet.
You sometimes gain power by taking damage.


Message History

The worker ant is severely wounded.
You feel sick. The worker ant misses you.
Your ring mail prevents you from hitting the worker ant.
The worker ant is severely wounded.
You feel sick. The worker ant closely misses you.
You hit the worker ant but do no damage.
The worker ant is severely wounded.
* * * LOW HITPOINT WARNING * * *
You feel sick. The worker ant barely misses you. The worker ant bites you.
* * * LOW HITPOINT WARNING * * *
You hit the worker ant.
The worker ant is severely wounded.
* * * LOW HITPOINT WARNING * * *
You feel sick.
The worker ant bites you but does no damage.
It was a potion of resistance.
You feel protected.
* * * LOW HITPOINT WARNING * * *
You feel sick. The worker ant bites you.
You die...

#########
.......P#
....≈..@#
.....≈aP#
#########


You could see a worker ant.

Vanquished Creatures
  A bullfrog zombie (D:3)
  A centaur skeleton (D:4)
  3 adders
  An ooze (D:2)
  2 worms
  2 orcs (D:3)
  3 bats
  A giant cockroach (D:2)
  4 goblins
  5 hobgoblins
  5 jackals (D:3)
  7 kobolds
  A quokka (D:2)
  A ball python (D:2)
  5 frilled lizards
  4 rats
46 creatures vanquished.

Notes
Turn   | Place    | Note
-------+----------+-------------------------------------------
     0 | D:1      | slep the Demonspawn Monk began the quest for the Orb.
     0 | D:1      | Reached XP level 1. HP: 18/18 MP: 1/1
   381 | D:1      | Reached skill level 3 in Long Blades
   381 | D:1      | Gained mutation: You sometimes gain a little power by taking damage. [demonic ancestry]
   381 | D:1      | Reached XP level 2. HP: 24/24 MP: 2/2
   804 | D:2      | Found a sparkling altar of Nemelex Xobeh.
   806 | D:2      | Found a deep blue altar of Sif Muna.
   834 | D:2      | Reached XP level 3. HP: 25/29 MP: 3/3
   838 | D:2      | Found a blossoming altar of Fedhas.
  1562 | D:3      | Reached skill level 1 in Armour
  1562 | D:3      | Gained mutation: You have large cloven feet. [demonic ancestry]
  1562 | D:3      | Reached XP level 4. HP: 25/35 MP: 4/4
  2072 | D:3      | Reached skill level 4 in Long Blades
  2313 | D:4      | Gained mutation: You sometimes gain power by taking damage. [demonic ancestry]
  2313 | D:4      | Reached XP level 5. HP: 25/41 MP: 5/5
  2316 | D:4      | Found a staircase to the Ecumenical Temple.
  2327 | Temple   | Entered the Ecumenical Temple
  2334 | Temple   | Slain by a worker ant

Vault maps used:
D:1:      evilmike_arrival_run_for_it, patterned_corridor
D:2:      fedhas_altar_2, overflow_temple_1_default, serial_curves,
          eino_curves_01, eino_curves_03, nemelex_xobeh_ov_fountains_minmay
D:4:      dancing_weapons_uskayaw, minmay_temple_entry_statues_fountains
Temple:   corrupted_temple

Skill      XL: |  1  2  3  4 |
---------------+-------------+-----
Long Blades    | 3 4 |  4.1
Dodging        | 3 |  3.2
Armour         | 1 |  1.7
Stealth        | 2 |  2.0
Fighting       | |  3.4

Action                   |  1- 3 |  4- 6 || total
-------------------------+-------+-------++-------
Melee: Falchion          |   122 |    54 ||   176
       Kick              |       |    16 ||    16
  Use: Potion            |       |     1 ||     1
 Stab: Sleeping          |     2 |       ||     2
  Eat: Chunk             |     2 |     2 ||     4
Armor: Ring mail         |    33 |    17 ||    50
       Robe              |     6 |       ||     6
Dodge: Dodged            |    72 |    24 ||    96
       Rpst.: Falchion   |    22 |     3 ||    25

Table legend:
 A = Spawn XP
 B = Non-spawn XP
 C = Spawn XP percentage of total XP
 D = Spawn monster count
 E = Non-spawn monster count
 F = Spawn count percentage of total count
 G = Total turns spent on level
                    A         B        C        D         E        F      G
               +---------+---------+-------+---------+---------+-------+---------
         Total |       0 |     211 |   0.0 |       0 |      46 |   0.0 |  2334
               +---------+---------+-------+---------+---------+-------+---------
           D:1 |       0 |      19 |   0.0 |       0 |      10 |   0.0 |   774
           D:2 |       0 |      62 |   0.0 |       0 |      21 |   0.0 |   764
           D:3 |       0 |      87 |   0.0 |       0 |      14 |   0.0 |   737
           D:4 |       0 |      43 |   0.0 |       0 |       1 |   0.0 |    52
               +---------+---------+-------+---------+---------+-------+---------
